 Dungeon Sprint DCSS version 0.25.1-9-gc5326a611f (webtiles) character file.

Game seed: 11605227164067778117

210163 McKennaii the Phalangite (level 16, -2/155 HPs)
             Began as a Demonspawn Fighter on Dec 30, 2020.
             Was a High Priest of Cheibriados.
             Slain by a stone giant (29 damage)
             ... in the Dungeon (Sprint IX: "|||||||||||||||||||||||||||||").
             The game lasted 00:50:09 (8255 turns).

McKennaii the Phalangite (Demonspawn Fighter)       Turns: 8255, Time: 00:50:09

Health: -2/155     AC: 27    Str: 35    XL:     16   Next: 89%
Magic:  11/32      EV: 18    Int: 28    God:    Cheibriados [*****.]
Gold:   1110       SH:  0    Dex: 28    Spells: 15/15 levels left

rFire    + + .     SeeInvis .   J - +5 bardiche (venom)
rCold    + + +     Gourm    .   (shield currently unavailable)
rNeg     . . .     Faith    .   y - +2 plate armour {MR+}
rPois    +         Spirit   .   N - +0 helmet {Int+3}
rElec    .         Reflect  .   O - scarf {rC+ rF+}
rCorr    .         Harm     .   q - +0 pair of gloves of the Learner {rPois} (curse)
MR       ++...     NoTele   +   w - +0 pair of boots
Stlth    ..........             I - amulet of regeneration
HPRegen  0.75/turn              F - ring of protection from cold
MPRegen  0.23/turn              D - ring of protection from fire

@: very slow
A: hooves 2, repulsion field 2, cold resistance 1, foul stench 2, rot immunity,
freezing cloud immunity
}: 4/17 runes: decaying, serpentine, barnacled, gossamer
a: Bend Time, Temporal Distortion, Slouch, Step From Time, Renounce Religion


You were in the Dungeon.
You worshipped Cheibriados.
Cheibriados was extremely pleased with you.
You were not hungry.

You visited 1 branch You collected 1932 gold pieces.
You spent 822 gold pieces at shops.

Inventory:

Hand Weapons
 J - a +5 bardiche of venom (weapon)
 M - a +0 triple crossbow of freezing
Missiles
 r - 107 bolts (quivered)
Armour
 q - the cursed +0 pair of gloves of the Learner (worn) {rPois}
   (You found it in the Dungeon)

   It protects you from poison.
   It has a curse placed upon it.
 w - a +0 pair of boots (worn)
 y - a +2 plate armour of magic resistance (worn)
 N - a +0 helmet of intelligence (worn)
 O - a scarf of resistance (worn)
Jewellery
 a - an uncursed amulet of guardian spirit
 D - a ring of protection from fire (right hand)
 E - an uncursed ring of protection from fire
 F - a ring of protection from cold (left hand)
 I - an amulet of regeneration (around neck)
 K - a +6 ring of strength
 L - an uncursed ring of wizardry
Wands
 o - a wand of acid (5)
Scrolls
 j - 2 scrolls of fear
 k - 2 scrolls of blinking
 m - 6 scrolls of remove curse
 n - 2 scrolls of amnesia
 t - a scroll of identify
 x - a scroll of enchant armour
 z - a scroll of immolation
 G - 3 scrolls of fog
Potions
 b - 2 potions of brilliance
 d - a potion of might
 e - 9 potions of curing
 g - 2 potions of heal wounds
 h - 5 potions of haste
 i - 4 potions of magic
 l - a potion of invisibility
 v - 2 potions of resistance
 B - a potion of lignification
 C - 2 potions of stabbing
Miscellaneous
 c - a lightning rod (2/4)
Comestibles
 f - 13 rations
 p - a chunk of flesh


   Skills:
 + Level 22.5 Fighting
 + Level 26.6 Polearms
 * Level 13.0 Crossbows
 * Level 20.5 Armour
 - Level 6.1 Dodging
 - Level 3.3 Stealth
   Level 2.6 Shields
 + Level 25.8 Invocations
 - Level 10.1 Evocations


You had 15 spell levels left.
You didn't know any spells.
Your spell library was empty.

Dungeon Overview and Level Annotations

Branches:
Dungeon (1/1)

Altars:
Cheibriados
Dithmenos
Elyvilon
Fedhas
Gozag
Hepliaklqana
Kikubaaqudgha
Makhleb
Nemelex Xobeh
Okawaru
Qazlal
Ru
Sif Muna
Trog
Uskayaw
Vehumet
Wu Jian
Xom
Yredelemnul
Zin
The Shining One
Beogh
Jiyva
Lugonu

Shops:
D *?[%


Innate Abilities, Weirdness & Mutations

You have hoof-like feet.
You are surrounded by a moderate repulsion field. (EV +3)
Your flesh is cold resistant. (rC+)
You frequently emit foul miasma when damaged in melee.
You are immune to rotting.
You are immune to freezing clouds.


Message History

Attack whom?
Press: ? - help, Dir - move target cursor, f/p - stone giant
Aim: a stone giant (lightly wounded)
You reach to attack!
You hit the stone giant.
The stone giant is poisoned.
The stone giant is lightly wounded.
Attack whom?
Press: ? - help, Dir - move target cursor, f/p - stone giant
Aim: a stone giant (lightly wounded, very poisoned)
You slice the stone giant!!
The stone giant looks as sick as possible!
The stone giant is moderately wounded.
You barely miss the stone giant.
The stone giant is heavily wounded.
The stone giant hits you!!
* * * LOW HITPOINT WARNING * * *
You carve the stone giant like a ham!!!
The stone giant looks as sick as possible!
The stone giant is almost dead.
The stone giant hits you!!
You die...

.▓.▓.▓.▓.▓.▓.▓.▓.▓
.▓)▓)▓.▓.▓.▓.▓.▓.▓
.▓.▓)▓.▓.▓.▓.▓.▓)▓
.▓.▓.▓.▓.▓)▓.▓.▓$▓
.▓.▓(▓.▓.▓.▓.▓.▓[▓
.▓.▓)▓.▓.▓)▓.▓.▓)▓
.▓.▓)▓.▓.▓.▓.▓.▓(▓
.▓.▓(▓.▓.▓.▓.▓.▓C▓
)▓.▓'▓.▓[▓.▓.▓.▓@▓
'▓.▓)▓.▓[▓.▓'▓.▓(▓
.▓.▓.▓.▓[▓.▓)▓.▓(▓
.▓.▓.▓.▓[▓.▓.▓.▓.▓
.▓.▓.▓.▓[▓.▓.▓.▓.▓
)▓.▓.▓.▓[▓.▓.▓.▓.▓
.▓.▓)▓.▓.▓.▓.▓.▓)▓
.▓.▓.▓.▓.▓.▓.▓.▓.▓
.▓.▓.▓.▓.▓.▓)▓.▓.▓


You could see a stone giant (extremely poisoned).

Vanquished Creatures
  Sojobo (D)
  Saint Roka (D)
  Margery (D)
  A golden dragon (D)
  A lich (D)
  Kirke (D)
  2 shadow dragons (D)
  Ilsuiw (D)
  5 nagarajas (D)
  3 tengu reavers (D)
  2 fire giants (D)
  2 vault wardens (D)
  A ghost moth (D)
  A frost giant (D)
  6 emperor scorpions (D)
  Louise (D)
  2 entropy weavers (D)
  An ironheart preserver (D)
  2 very ugly things (D)
  5 stone giants (D)
  Nessos (D)
  A spark wasp (D)
  Azrael (D)
  An ettin (D)
  6 merfolk javelineers (D)
  A fire dragon (D)
  A yaktaur captain (D)
  A merfolk impaler (D)
  Josephine (D)
  4 ogre magi (D)
  2 ice dragons (D)
  25 vault guards (D)
  Harold (D)
  A rakshasa (D)
  Erica (D)
  2 alligator snapping turtles (D)
  4 hydras (D)
  A ghost crab (D)
  2 naga warriors (D)
  5 merfolk aquamancers (D)
  An anaconda (D)
  An alligator (D)
  A centaur warrior (D)
  A vampire mage (D)
  2 tengu warriors (D)
  A shock serpent (D)
  A spriggan berserker (D)
  A deep elf knight (D)
  4 hell knights (D)
  A flayed ghost (D)
  6 swamp dragons (D)
  A sea snake (D)
  2 unseen horrors (D)
  A spriggan druid (D)
  3 ironbrand convokers (D)
  2 harpies (D)
  13 orc knights (D)
  3 deep elf magi (D)
  4 ugly things (D)
  An orc sorcerer (D)
  2 wolf spiders (D)
  2 moths of wrath (D)
  2 manticores (D)
  3 guardian serpents (D)
  7 black mambas (D)
  A gargoyle (D)
  5 naga magi (D)
  2 vault sentinels (D)
  2 spiny frogs (D)
  A komodo dragon (shapeshifter) (D)
  3 komodo dragons (D)
  A tengu conjurer (D)
  3 demonic crawlers (D)
  3 yaktaurs (D)
  2 freezing wraiths (D)
  2 merfolk (D)
  5 jumping spiders (D)
  A polar bear (shapeshifter) (D)
  2 hornets (D)
  A wind drake (D)
  2 bog bodies (D)
  3 tyrant leeches (D)
  A hippogriff (D)
  A blink frog (D)
  2 redbacks (D)
  A snapping turtle (D)
  A spriggan (D)
  3 wraiths (D)
  A yak (D)
  A basilisk (D)
  6 fire elementals (D)
  2 tarantellas (D)
  A hog (D)
  3 vampire mosquitoes (D)
  A hungry ghost (D)
  3 water moccasins (D)
  3 porcupines (D)
  An ice beast (D)
  16 orc warriors (D)
  2 swamp drakes (D)
  A boggart (D)
  A crocodile (D)
  5 bullfrogs (D)
  A scorpion (D)
  A howler monkey (D)
  4 orc priests (D)
  2 orc wizards (D)
  A hell rat (D)
  A worker ant (D)
  An adder (D)
  3 shadow imps (D)
  An adder skeleton (D)
  A dart slug (D)
  An adder simulacrum (D)
  13 orcs (D)
  A bat skeleton (D)
  A hobgoblin (D)
  A giant cockroach zombie (D)
  A jackal zombie (D)
  2 kobolds (D)
  A rat (D)
300 creatures vanquished.

Vanquished Creatures (others)
  A spriggan (D)
  A spiny frog (D)
  A hornet (D)
  2 humans (D)
5 creatures vanquished.

Grand Total: 305 creatures vanquished

Notes
Turn   | Place    | Note
-------+----------+-------------------------------------------
     0 | D        | McKennaii the Demonspawn Fighter began the quest for the
                  | Orb.
     0 | D        | Reached XP level 1. HP: 18/18 MP: 1/1
     8 | D        | Reached skill level 2 in Polearms
   141 | D        | Noticed a howler monkey
   141 | D        | Noticed an ice beast
   145 | D        | Killed an ice beast
   145 | D        | Reached skill level 5 in Fighting
   145 | D        | Reached skill level 5 in Polearms
   145 | D        | Gained mutation: You are immune to rotting. [demonic
                  | ancestry]
   145 | D        | Reached XP level 2. HP: 28/28 MP: 2/2
   145 | D        | Reached XP level 3. HP: 34/34 MP: 3/3
   145 | D        | Gained mutation: Your flesh is cold resistant. (rC+)
                  | [demonic ancestry]
   145 | D        | Reached XP level 4. HP: 40/40 MP: 4/4
   148 | D        | Reached skill level 5 in Armour
   150 | D        | Reached skill level 6 in Polearms
   151 | D        | Reached XP level 5. HP: 46/46 MP: 5/5
   169 | D        | Found a roughly hewn altar of Beogh.
   169 | D        | Found a snail-covered altar of Cheibriados.
   169 | D        | Found a shadowy altar of Dithmenos.
   169 | D        | Found a white marble altar of Elyvilon.
   169 | D        | Found a blossoming altar of Fedhas.
   169 | D        | Found an opulent altar of Gozag.
   170 | D        | Found a hazy altar of Hepliaklqana.
   171 | D        | Found a viscous altar of Jiyva.
   172 | D        | Found an ancient bone altar of Kikubaaqudgha.
   173 | D        | Became a worshipper of Cheibriados the Contemplative
   174 | D        | Found a corrupted altar of Lugonu.
   175 | D        | Found a burning altar of Makhleb.
   176 | D        | Found a sparkling altar of Nemelex Xobeh.
   177 | D        | Found an iron altar of Okawaru.
   178 | D        | Found a stormy altar of Qazlal.
   179 | D        | Found a sacrificial altar of Ru.
   180 | D        | Found a shimmering blue altar of Sif Muna.
   181 | D        | Found a bloodstained altar of Trog.
   182 | D        | Found a hide-covered altar of Uskayaw.
   183 | D        | Found a radiant altar of Vehumet.
   184 | D        | Found an ornate altar of the Wu Jian Council.
   185 | D        | Found a shimmering altar of Xom.
   186 | D        | Found a basalt altar of Yredelemnul.
   187 | D        | Found a glowing silver altar of Zin.
   188 | D        | Found a glowing golden altar of the Shining One.
   247 | D        | Noticed a hornet
   247 | D        | Noticed a hippogriff
   260 | D        | Killed a hippogriff
   260 | D        | Reached skill level 8 in Polearms
   260 | D        | Reached skill level 1 in Dodging
   260 | D        | Gained mutation: You are immune to freezing clouds.
                  | [demonic ancestry]
   260 | D        | Reached XP level 6. HP: 25/55 MP: 6/6
   273 | D        | Killed an unseen horror
   273 | D        | Reached * piety under Cheibriados
   273 | D        | Reached skill level 11 in Polearms
   273 | D        | Reached XP level 7. HP: 30/63 MP: 7/7
   282 | D        | Killed an unseen horror
   282 | D        | Reached ** piety under Cheibriados
   282 | D        | Reached skill level 12 in Polearms
   282 | D        | Gained mutation: You are surrounded by a mild repulsion
                  | field. (EV +2) [demonic ancestry]
   282 | D        | Reached XP level 8. HP: 20/71 MP: 8/8
   284 | D        | Killed a hornet
   284 | D        | Reached skill level 13 in Polearms
   522 | D        | Noticed a brown ugly thing
   522 | D        | Noticed a manticore
   527 | D        | Reached *** piety under Cheibriados
   530 | D        | Killed a manticore
   540 | D        | Killed a brown ugly thing
   540 | D        | Reached **** piety under Cheibriados
   540 | D        | Reached skill level 14 in Polearms
   540 | D        | Gained mutation: You may emit foul miasma when damaged in
                  | melee. [demonic ancestry]
   540 | D        | Reached XP level 9. HP: 51/78 MP: 9/9
   777 | D        | Noticed a komodo dragon
   779 | D        | Reached ***** piety under Cheibriados
   783 | D        | Noticed a black mamba
   788 | D        | Reached skill level 10 in Fighting
   789 | D        | Killed a komodo dragon
   789 | D        | Reached skill level 15 in Polearms
   805 | D        | Killed a black mamba
   805 | D        | Reached ****** piety under Cheibriados
  1062 | D        | Noticed a spiny frog
  1062 | D        | Noticed a komodo dragon
  1063 | D        | Noticed a black mamba
  1076 | D        | Noticed a komodo dragon
  1080 | D        | Killed a komodo dragon
  1080 | D        | Reached skill level 16 in Polearms
  1080 | D        | Reached skill level 10 in Armour
  1080 | D        | Gained mutation: You have large cloven feet. [demonic
                  | ancestry]
  1080 | D        | Reached XP level 10. HP: 65/86 MP: 10/10
  1082 | D        | Killed a black mamba
  1086 | D        | Killed a spiny frog
  1329 | D        | Noticed a spiny frog
  1347 | D        | Reached skill level 17 in Polearms
  1355 | D        | Killed a spiny frog
  1355 | D        | Reached skill level 1 in Invocations
  1544 | D        | Noticed a stone giant
  1554 | D        | Killed a stone giant
  1693 | D        | Reached skill level 1 in Stealth
  1693 | D        | Gained mutation: You are surrounded by a moderate repulsion
                  | field. (EV +3) [demonic ancestry]
  1693 | D        | Reached XP level 11. HP: 93/93 MP: 14/14
  1701 | D        | Reached skill level 18 in Polearms
  1709 | D        | Reached skill level 5 in Invocations
  1714 | D        | Noticed an orc knight
  1731 | D        | Killed an orc knight
  1882 | D        | Found Soarevil's Food Boutique.
  1882 | D        | Noticed an orc knight
  1882 | D        | Noticed an orc knight
  1882 | D        | Noticed an orc knight
  1882 | D        | Noticed an orc knight
  1882 | D        | Noticed an orc knight
  1883 | D        | Noticed an orc knight
  1887 | D        | Killed an orc knight
  1889 | D        | Killed an orc knight
  1889 | D        | Noticed an orc knight
  1892 | D        | Killed an orc knight
  1895 | D        | Killed an orc knight
  1898 | D        | Killed an orc knight
  1899 | D        | Killed an orc knight
  1908 | D        | Killed an orc knight
  1908 | D        | Reached skill level 19 in Polearms
  1915 | D        | Found Metycoif's Antique Armour Shop.
  1919 | D        | Found Pussumav's Magic Scroll Boutique.
  1923 | D        | Found Ozeoki's Assorted Antiques.
  1943 | D        | Noticed an orc knight
  1947 | D        | Noticed an orc knight
  1955 | D        | Killed an orc knight
  1958 | D        | Killed an orc knight
  2062 | D        | Bought a scroll of enchant weapon for 75 gold pieces
  2062 | D        | Bought a scroll of enchant armour for 75 gold pieces
  2062 | D        | Bought a scroll of identify for 20 gold pieces
  2062 | D        | Bought a scroll of identify for 20 gold pieces
  2064 | D        | Bought a scroll labeled JIBUET LEISYIH for 27 gold pieces
  2064 | D        | Bought a scroll labeled YBETIR OVASHRI for 27 gold pieces
  2064 | D        | Bought an inky potion for 24 gold pieces
  2183 | D        | Noticed Josephine
  2193 | D        | Killed Josephine
  2215 | D        | Reached skill level 10 in Invocations
  2283 | D        | Noticed Erica
  2293 | D        | Killed Erica
  2317 | D        | Noticed Harold
  2327 | D        | Killed Harold
  2327 | D        | Reached XP level 12. HP: 105/105 MP: 18/20
  2435 | D        | Got the cursed +0 pair of gloves of the Learner {rPois}
  2529 | D        | Noticed a spark wasp
  2530 | D        | Noticed a tengu reaver
  2532 | D        | Killed a spark wasp
  2532 | D        | Reached skill level 1 in Evocations
  2543 | D        | Killed a tengu reaver
  2543 | D        | Reached skill level 20 in Polearms
  2547 | D        | Noticed a fire dragon
  2553 | D        | Noticed a centaur warrior
  2565 | D        | Killed a fire dragon
  2569 | D        | Killed a centaur warrior
  2774 | D        | Noticed Kirke
  2797 | D        | Killed Kirke
  2797 | D        | Reached skill level 5 in Dodging
  2829 | D        | Noticed Saint Roka
  2837 | D        | Noticed Nessos
  2852 | D        | Killed Saint Roka
  2852 | D        | Reached skill level 15 in Fighting
  2858 | D        | Killed Nessos
  2858 | D        | Reached XP level 13. HP: 49/115 MP: 2/24
  3114 | D        | Reached skill level 15 in Invocations
  3386 | D        | Noticed a merfolk javelineer
  3393 | D        | Reached skill level 21 in Polearms
  3409 | D        | HP: 4/116 [alligator snapping turtle (23)]
  3438 | D        | HP: 5/116 [sea snake (11)]
  3439 | D        | Killed a merfolk javelineer
  4219 | D        | Reached skill level 5 in Evocations
  4307 | D        | Noticed Azrael
  4314 | D        | Killed Azrael
  4389 | D        | Noticed a stone giant
  4404 | D        | Noticed a fire giant
  4410 | D        | Reached skill level 22 in Polearms
  4425 | D        | Killed a stone giant
  4432 | D        | Killed a fire giant
  4432 | D        | Gained mutation: You have hoof-like feet. [demonic
                  | ancestry]
  4432 | D        | Reached XP level 14. HP: 107/128 MP: 21/26
  4532 | D        | Noticed a white very ugly thing
  4532 | D        | Noticed a frost giant
  4539 | D        | Noticed a stone giant
  4541 | D        | Killed a white very ugly thing
  4545 | D        | Noticed a green very ugly thing
  4546 | D        | Killed a frost giant
  4558 | D        | Killed a stone giant
  4562 | D        | Killed a green very ugly thing
  4562 | D        | Reached skill level 15 in Armour
  4833 | D        | Noticed an ironheart preserver
  4838 | D        | Killed an ironheart preserver
  4838 | D        | Reached skill level 23 in Polearms
  4838 | D        | Noticed a vault warden
  4844 | D        | Noticed a stone giant
  4848 | D        | Killed a vault warden
  4858 | D        | Killed a stone giant
  4888 | D        | Noticed a stone giant
  4899 | D        | Killed a stone giant
  4992 | D        | Noticed a vault warden
  4999 | D        | Killed a vault warden
  5163 | D        | Noticed Sojobo
  5164 | D        | Noticed a tengu reaver
  5166 | D        | Noticed a tengu reaver
  5168 | D        | Killed a tengu reaver
  5173 | D        | Killed Sojobo
  5182 | D        | Killed a tengu reaver
  5182 | D        | Reached skill level 10 in Evocations
  5182 | D        | Gained mutation: You frequently emit foul miasma when
                  | damaged in melee. [demonic ancestry]
  5182 | D        | Reached XP level 15. HP: 68/139 MP: 4/29
  6053 | D        | Bought a ration for 55 gold pieces
  6053 | D        | Bought a ration for 55 gold pieces
  6053 | D        | Bought a ration for 55 gold pieces
  6053 | D        | Bought a ration for 55 gold pieces
  6053 | D        | Bought a ration for 55 gold pieces
  6053 | D        | Bought a ration for 55 gold pieces
  6057 | D        | Bought an embroidered scarf for 224 gold pieces
  6865 | D        | Noticed Margery
  6877 | D        | Killed Margery
  6899 | D        | Noticed Louise
  6915 | D        | Killed Louise
  6915 | D        | Reached skill level 24 in Polearms
  7068 | D        | Reached skill level 5 in Crossbows
  7071 | D        | Got a decaying rune of Zot
  7103 | D        | Noticed Ilsuiw
  7119 | D        | Killed Ilsuiw
  7328 | D        | Got a barnacled rune of Zot
  7372 | D        | Killed a ghost moth
  7559 | D        | Got a gossamer rune of Zot
  7585 | D        | Noticed a nagaraja
  7585 | D        | Noticed a nagaraja
  7586 | D        | Noticed a nagaraja
  7591 | D        | Killed a nagaraja
  7599 | D        | Killed a nagaraja
  7599 | D        | Reached skill level 25 in Polearms
  7599 | D        | Reached XP level 16. HP: 96/150 MP: 30/32
  7639 | D        | Reached skill level 10 in Crossbows
  7859 | D        | Got a serpentine rune of Zot
  8008 | D        | Reached skill level 26 in Polearms
  8159 | D        | Noticed a golden dragon
  8169 | D        | Identified the +8 falchion of Dyefaja {drain, MR+ Int+3
                  | SInv}
  8183 | D        | Killed a golden dragon
  8198 | D        | Noticed a shadow dragon
  8204 | D        | Killed a shadow dragon
  8205 | D        | Noticed a lich
  8205 | D        | Noticed a shadow dragon
  8210 | D        | Killed a lich
  8213 | D        | Killed a shadow dragon
  8255 | D        | Slain by a stone giant

Illustrated notes

Levels and vault maps discovered:
D:        linesprint [early_d, line_temple, items_1, d_10, items_2, lair_1,
          lair_end, items_3, orc_1, orc_end, items_4, d_15, swamp_1, shoals_1,
          snake_1, spider_1, d_20, vaults_1, items_5, swamp_end, shoals_end,
          snake_end, spider_end, vaults_end, d_27, items_6, zot_1, zot_end,
          crypt_end, forest_end, elf_end, slime_end, tomb_end, abyss_end,
          pan_hell_end]

Skill      XL: |  1  2  3  4  5  6  7  8  9 10 11 12 13 14 15 16 |
---------------+-------------------------------------------------+-----
Polearms       | 5 6 8 11 12 14 16 17 19 20 22 23 25 26 | 26.6
Armour         | 4 5 6 7 8 9 10 11 12 14 15 18 20 | 20.5
Fighting       | 5 6 7 8 9 10 11 13 15 17 19 20 22 | 22.5
Dodging        | 1 2 3 4 5 6 |  6.1
Invocations    | 4 10 14 17 21 24 25 | 25.8
Stealth        | 1 2 3 |  3.3
Evocations     | 3 6 10 | 10.1
Crossbows      | 9 13 | 13.0
Shields        | |  2.6

Action                   |  1- 3 |  4- 6 |  7- 9 | 10-12 | 13-15 | 16-18 || total
-------------------------+-------+-------+-------+-------+-------+-------++-------
Melee: Trident           |    18 |     6 |       |       |       |       ||    24
       Halberd           |       |    17 |    87 |   309 |   304 |       ||   717
       Kick              |       |       |       |    26 |       |       ||    26
       Bardiche          |       |       |       |       |   144 |    91 ||   235
Invok: Slouch            |       |       |       |    10 |    20 |    13 ||    43
       Temporal Distorti |       |       |       |     1 |       |       ||     1
       Step From Time    |       |       |       |       |     1 |       ||     1
Evoke: Lightning rod     |       |       |       |     8 |    54 |    33 ||    95
       Wand              |       |       |       |       |     3 |     2 ||     5
  Use: Potion            |     1 |     2 |       |     3 |     2 |     6 ||    14
       Scroll            |       |       |       |       |    12 |       ||    12
  Eat: Ration            |       |       |       |     1 |     2 |     1 ||     4
       Chunk             |       |       |       |     1 |     4 |     1 ||     6
Armor: Scale mail        |     5 |    17 |    22 |     7 |       |       ||    51
       Plate armour      |       |       |       |    56 |   172 |    41 ||   269
Dodge: Dodged            |     1 |    14 |    40 |   104 |   253 |    55 ||   467
Block: Kite shield       |     6 |       |       |       |       |       ||     6
